 Dungeon Crawl Stone Soup version 0.18-a0-1123-gbd92598 (webtiles) character file.

89 MrRokkomies the Skirmisher (level 4, -1/50 HPs)
             Began as an Ogre Skald on Jan 19, 2016.
             Slain by an adder (3 damage)
             ... on level 3 of the Dungeon.
             The game lasted 00:03:50 (2178 turns).

MrRokkomies the Skirmisher (Ogre Skald)             Turns: 2178, Time: 00:03:50

Health: -1/50      AC:  3    Str: 17    XL:     4   Next: 55%
Magic:  7/7        EV:  9    Int: 12    God:
Gold:   70         SH:  0    Dex:  9    Spells: 2 memorised, 4 levels left

rFire  . . .     SeeInvis .     h - +0 flail
rCold  . . .     Gourm    .     b - +0 robe
rNeg   . . .     Faith    .     (no shield)
rPois  .         Spirit   .     (helmet restricted)
rElec  .         Dismiss  .     (no cloak)
rCorr  .         Reflect  .     (gloves unavailable)
SustAt .         Harm     .     (boots unavailable)
MR     .....                    (no amulet)
Stlth  +.........               (no ring)
                                (no ring)

@: lethally poisoned (-1 -> -7), not resistant to hostile enchantments, very
unstealthy
A: unfitting armour, tough skin 1
a: no special abilities


You were on level 3 of the Dungeon.
You were hungry.

You visited 1 branch of the dungeon, and saw 3 of its levels.

You collected 70 gold pieces.

Inventory:

Hand Weapons
 a - a +0 mace
 h - a +0 flail (weapon)
Missiles
 f - 26 poisoned needles
 k - 12 stones (quivered)
Armour
 b - a +0 robe (worn)
Jewellery
 g - an uncursed amulet of faith
Scrolls
 l - a scroll of immolation {unknown}
 m - a scroll of fear {unknown}
 n - a scroll of blinking {unknown}
 p - a scroll of enchant armour {unknown}
Potions
 o - a potion of flight {unknown}
Books
 c - a book of Battle

   Spells                             Type                      Level
   a - Infusion                       Charms                       1
   b - Shroud of Golubria             Charms/Translocation         2
   c - Song of Slaying                Charms                       2
   d - Spectral Weapon                Hexes/Charms                 3
   e - Regeneration                   Charms/Necromancy            3
Comestibles
 d - 2 bread rations


   Skills:
 * Level 5.0 Fighting
 * Level 4.4 Maces & Flails
 - Level 1.3 Dodging
 - Level 2.4 Spellcasting
 - Level 2.1 Charms


You had 4 spell levels left.
You knew the following spells:

 Your Spells              Type           Power        Failure   Level  Hunger
a - Infusion              Chrm           #...         12%         1    ##.....
b - Shroud of Golubria    Chrm/Tloc      #.........   28%         2    ###....


Dungeon Overview and Level Annotations

Branches:
Dungeon (3/15)

Altars:


Innate Abilities, Weirdness & Mutations

You are too large for most types of armour.
You have tough skin (AC +1).


Message History

You feel sick. The adder bites you.
* * * LOW HITPOINT WARNING * * *
You are more poisoned.
The adder poisons you! The adder misses you.
You miss the adder.
The adder is almost dead.
You feel sick. The adder bites you.
* * * LOW HITPOINT WARNING * * *
You closely miss the adder.
The adder is almost dead.
You feel sick. The adder bites you.
* * * LOW HITPOINT WARNING * * *
The adder bites you.
* * * LOW HITPOINT WARNING * * *
You closely miss the adder.
The adder is almost dead.
The adder bites you.
* * * LOW HITPOINT WARNING * * *
The adder bites you.
You die...

#.....##.....#.........#
#.....##.###.#.......###
#.....##+###.#..####...#
####.##...##.##.# ###.#
#.##...##.##.# #.#
#>##...##.##.# #.#
#.##...+.. ..# #.#
####.##...##.#########.#
#...>.S@................
#.....################.#
#..........# #..
#...†......# ###
#..........#
#..........### #
#............. #
#............. #
##.....7P...$.


You could see an adder.

Vanquished Creatures
  A gnoll (D:2)
  2 adders
  2 oozes
  3 worms
  A giant gecko (D:3)
  An orc (D:3)
  2 giant cockroaches
  4 hobgoblins
  2 ball pythons
  9 bats
  A giant newt (D:1)
  5 goblins
  8 kobolds
  7 rats
48 creatures vanquished.

Notes
Turn   | Place    | Note
--------------------------------------------------------------
     0 | D:1      | MrRokkomies the Ogre Skald began the quest for the Orb.
     0 | D:1      | Reached XP level 1. HP: 22/22 MP: 3/3
   103 | D:1      | Reached skill level 3 in Fighting
   125 | D:1      | Reached XP level 2. HP: 14/31 MP: 5/5
   902 | D:2      | Reached XP level 3. HP: 37/39 MP: 6/6
   910 | D:2      | Reached skill level 4 in Fighting
  1391 | D:2      | Learned a level 2 spell: Shroud of Golubria
  1671 | D:2      | Reached XP level 4. HP: 30/49 MP: 4/7
  2021 | D:3      | Reached skill level 5 in Fighting
  2178 | D:3      | HP: 2/50 [adder (2)]
  2178 | D:3      | Slain by an adder

Vault maps used:
D:1:      lightli_arrival_statuegarden
D:2:      lemuel_blue_sif_altar, ecumenical_altar_1
D:3:      lemuel_crystal_altar, first_bread, serial_bayou_pond_b

Action                   |  1- 3 |  4- 6 || total
-------------------------+-------+-------++-------
Melee: Mace              |   125 |       ||   125
       Flail             |     2 |    78 ||    80
 Cast: Shroud of Golubri |       |     1 ||     1
  Use: Scroll            |     2 |       ||     2
       Potion            |       |     3 ||     3
  Eat: Chunk             |     2 |     2 ||     4
